 Dungeon Crawl Stone Soup version 0.29.0 (webtiles) character file.

Game seed: 16341421839197395661

268645 PublicAnimeNo1 the Unseen (level 21, -12/141 HPs)
             Began as a Kobold Earth Elementalist on Sept 6, 2022.
             Was a High Priest of Ashenzari.
             Mangled by a cyan ugly thing (14 damage)
             ... on level 2 of the Vaults on Sept 8, 2022.
             The game lasted 02:40:22 (62696 turns).

PublicAnimeNo1 the Unseen (KoEE)                   Turns: 62696, Time: 02:40:22

Health: -12/141    AC: 13    Str: 15    XL:     21   Next: 44%
Magic:  15/38      EV: 19    Int: 32    God:    Ashenzari [*****.]
Gold:   3754       SH: 13    Dex: 16    Spells: 12/47 levels left

rFire   + . .      SeeInvis +   s - +11 short sword of Desmomancy {flame, Int+4, Elem, Self} (curse)
rCold   + . .      Faith    .   M - +0 buckler of the Shattered Seer {Fort, Evo} (curse)
rNeg    + . .      Spirit   .   c - +3 leather armour of the Ruined God {rF+, Elem, Evo} (curse)
rPois   +          Reflect  +   y - +1 helmet of the Astral Burden {Alch, Bglg} (curse)
rElec   .          Harm     .   P - scarf "Sorrow of Ashenzari" {rC+ rF+, Elem, Bglg} (curse)
rCorr   .          Rampage  .   v - +1 pair of gloves "Oracular Secrets" {Str+3, Elem, Melee} (curse)
Will    +....      Archmagi +   C - +2 pair of boots of the Fated Burden {Stlth+, Self, Fort} (curse)
Stlth   ++++++++++ Clarity  +   J - amulet of Ashenzari's Jealousy {Reflect SH+5, Fort, Self} (curse)
HPRegen 0.33/turn               V - ring of the Mage {Wiz Archmagi}
MPRegen 0.26/turn               a - ring "Behold Eternity" {rPois rF- rN+ Str+4 Int+4, Melee, Cun} (curse)

@: studying Evocations
A: small, no large weapons, nightstalker 3
}: 1/15 runes: gossamer
a: Renounce Religion, Shatter the Chains


You were on level 2 of the Vaults.
You worshipped Ashenzari.
Ashenzari was extremely pleased with you.
You visited 8 branches of the dungeon, and saw 35 of its levels.
You also visited: Ice Cave and Volcano.

You collected 4449 gold pieces.
You spent 695 gold pieces at shops.

Inventory:

Hand Weapons
 s - the cursed +11 short sword of Desmomancy (weapon) {flame, Int+4, Elem, Self}
   (You found it on level 3 of the Elven Halls)

   It burns those it strikes, dealing additional fire damage.
   Int:       It affects your intelligence (+4).
   It has a curse which improves the following skills: Elements: Fire Magic, Ice
   Magic, Air Magic and Earth Magic.
   Introspection: Fighting and Spellcasting.
 Q - a +6 dagger of protection
Missiles
 w - 8 throwing nets
Armour
 c - the cursed +3 leather armour of the Ruined God (worn) {rF+, Elem, Evo}
   (You took it off Joseph on level 8 of the Dungeon)

   It has a curse which improves the following skills: Elements: Fire Magic, Ice
   Magic, Air Magic and Earth Magic.
   Evocations: Evocations.
 v - the cursed +1 pair of gloves "Oracular Secrets" (worn) {Str+3, Elem, Melee}
   (You found it on level 4 of the Spider Nest)

   It has a curse which improves the following skills: Elements: Fire Magic, Ice
   Magic, Air Magic and Earth Magic.
   Melee Combat: Short Blades, Long Blades, Axes, Maces & Flails, Polearms,
   Staves and Unarmed Combat.
 y - the cursed +1 helmet of the Astral Burden (worn) {Alch, Bglg}
   (You took it off Robin on level 3 of the Dungeon)

   It has a curse which improves the following skills: Alchemy: Poison Magic and
   Transmutations.
   Beguiling: Conjurations, Hexes and Translocations.
 C - the cursed +2 pair of boots of the Fated Burden (worn) {Stlth+, Self, Fort}
   (You found it in a volcano)

   It has a curse which improves the following skills: Introspection: Fighting
   and Spellcasting.
   Fortitude: Armour and Shields.
 L - +0 acid dragon scales
 M - the cursed +0 buckler of the Shattered Seer (worn) {Fort, Evo}
   (You took it off a gnoll sergeant on level 8 of the Dungeon)

   It has a curse which improves the following skills: Fortitude: Armour and
   Shields.
   Evocations: Evocations.
 P - the cursed scarf "Sorrow of Ashenzari" (worn) {rC+ rF+, Elem, Bglg}
   (You found it on level 1 of the Elven Halls)

   It has a curse which improves the following skills: Elements: Fire Magic, Ice
   Magic, Air Magic and Earth Magic.
   Beguiling: Conjurations, Hexes and Translocations.
Jewellery
 a - the cursed ring "Behold Eternity" (right hand) {rPois rF- rN+ Str+4 Int+4, Melee, Cun}
   (You acquired it on level 8 of the Dungeon)

   [ring of poison resistance]

   Str:       It affects your strength (+4).
   Int:       It affects your intelligence (+4).
   rF:        It makes you vulnerable to fire.
   rPois:     It protects you from poison.
   rN:        It protects you from negative energy.
   It has a curse which improves the following skills: Melee Combat: Short
   Blades, Long Blades, Axes, Maces & Flails, Polearms, Staves and Unarmed
   Combat.
   Cunning:   Dodging and Stealth.
 d - an amulet of magic regeneration
 z - the ring "Esuustyo" {rN+ Str+4 Int+6 Dex-2 Stlth+}
   (You found it on level 2 of the Shoals)

   [ring of intelligence]

   Str:       It affects your strength (+4).
   Int:       It affects your intelligence (+6).
   Dex:       It affects your dexterity (-2).
   rN:        It protects you from negative energy.
   Stlth:     It makes you more stealthy.
 J - the cursed amulet of Ashenzari's Jealousy (around neck) {Reflect SH+5, Fort, Self}
   (You found it on level 10 of the Dungeon)

   [amulet of reflection]

   It reflects blocked missile attacks.
   SH:        It affects your SH (+5).
   It has a curse which improves the following skills: Fortitude: Armour and
   Shields.
   Introspection: Fighting and Spellcasting.
 T - a ring of positive energy
 U - a ring of flight
 V - the ring of the Mage (left hand) {Wiz Archmagi}
   (You took it off a deep elf sorcerer on level 3 of the Elven Halls)

   [ring of wizardry]

   It improves your spell success rate.
   Archmagi:  It increases the power of your magical spells.
 W - a ring of protection from fire
 X - a ring of protection from cold
Wands
 b - a wand of polymorph (36)
 i - a wand of mindburst (22)
 t - a wand of digging (2)
 K - a wand of flame (63)
Scrolls
 f - 6 scrolls of magic mapping
 l - 3 scrolls of butterflies
 n - 6 scrolls of blinking
 r - 7 scrolls of teleportation
 u - 4 scrolls of vulnerability
 x - 3 scrolls of torment
 B - 3 scrolls of amnesia
 F - 4 scrolls of enchant armour
 G - a scroll of silence
 I - 6 scrolls of fear
 N - 4 scrolls of poison
Potions
 e - 4 potions of heal wounds
 g - 2 potions of resistance
 h - 5 potions of attraction
 j - 5 potions of ambrosia
 k - 5 potions of magic
 m - 4 potions of brilliance
 o - 6 potions of haste
 p - 4 potions of cancellation
 q - 9 potions of mutation
 D - a potion of flight
 E - 12 potions of curing
 H - a potion of might
 S - 2 potions of invisibility
Miscellaneous
 O - a condenser vane


   Skills:
 + Level 13.8(18.2) Fighting
 - Level 9.9(13.3) Short Blades
 - Level 0.8(3.0) Armour
 - Level 7.8(10.2) Dodging
 + Level 19.7(21.8) Stealth
 - Level 5.9(10.3) Shields
 + Level 9.4(13.9) Spellcasting
 - Level 7.7(11.2) Conjurations
 - Level 10.5(13.9) Hexes
 - Level 10.0 Summonings
 - Level 6.3 Necromancy
 - Level 5.5(7.8) Transmutations
 - Level 2.0(5.8) Ice Magic
 + Level 6.7(12.1) Air Magic
 + Level 18.8(24.0) Earth Magic
 - Level 16.0(19.3) Evocations


You had 12 spell levels left.
You knew the following spells:

 Your Spells              Type           Power      Damage    Failure   Level
a - Animate Dead          Necr           76%        N/A       1%          4
b - Stone Arrow           Conj/Erth      100%       3d13      0%          3
c - Passwall              Tmut/Erth      93%        N/A       0%          2
d - Petrify               Tmut/Erth      100%       N/A       1%          4
e - Dazzling Flash        Conj/Hex       100%       N/A       1%          3
f - Summon Mana Viper     Hex/Summ       99%        N/A       1%          5
g - Silence               Hex/Air        51%        N/A       1%          5
h - Tukima's Dance        Hex            100%       N/A       1%          3
i - Poisonous Vapours     Pois/Air       100%       N/A       1%          2
j - Airstrike             Air            49%        2d(8-24)  1%          4

Your spell library contained the following spells:

 Spells                   Type           Power      Damage    Failure   Level
 Sandblast                Erth           100%       2d20      0%          1
 Magic Dart               Conj           100%       1d8       1%          1
 Necrotise                Necr           100%       1d9       1%          1
 Shock                    Conj/Air       100%       1d9       1%          1
 Sting                    Tmut/Pois      100%       1d8       1%          1
 Call Imp                 Summ           92%        N/A       1%          2
 Ensorcelled Hibernation  Hex/Ice        100%       N/A       1%          2
 Searing Ray              Conj           100%       2d8       1%          2
 Sublimation of Blood     Necr           76%        N/A       1%          2
 Conjure Flame            Conj/Fire      75%        6-21      1%          3
 Frozen Ramparts          Ice            100%       1d16      1%          3
 Ignite Poison            Fire/Tmut/Pois 58%        N/A       1%          3
 Mephitic Cloud           Conj/Pois/Air  83%        N/A       1%          3
 Ozocubu's Armour         Ice            73%        N/A       1%          3
 Portal Projectile        Hex/Tloc       100%       N/A       1%          3
 Spider Form              Tmut/Pois      64%        N/A       1%          3
 Swiftness                Air            99%        N/A       1%          3
 Vampiric Draining        Necr           76%        2d11      1%          3
 Anguish                  Hex/Necr       46%        N/A       1%          4
 Corpse Rot               Necr/Pois/Air  75%        N/A       1%          4
 Fulminant Prism          Conj/Hex       50%        3d23      1%          4
 Ice Form                 Ice/Tmut       78%        N/A       1%          4
 Iskenderun's Mystic Bla  Conj/Tloc      74%        2d15      1%          4
 Sticky Flame             Conj/Fire      75%        2d9       1%          4
 Summon Ice Beast         Ice/Summ       83%        N/A       1%          4
 Blade Hands              Tmut           41%        N/A       1%          5
 Irradiate                Conj/Tmut      45%        3d26      1%          5
 Metabolic Englaciation   Hex/Ice        45%        N/A       1%          5
 Agony                    Necr           76%        N/A       2%          5
 Gell's Gravitas          Tloc           38%        N/A       3%          3
 Lesser Beckoning         Tloc           38%        N/A       3%          3
 Teleport Other           Tloc           38%        N/A       3%          3
 Summon Cactus Giant      Summ           46%        N/A       3%          6
 Summon Forest            Summ/Tloc      35%        N/A       4%          5
 Olgreb's Toxic Radiance  Pois           36%        N/A       12%         4
 Simulacrum               Ice/Necr       37%        N/A       16%         6
 Starburst                Conj/Fire      37%        6d11      16%         6
 Summon Hydra             Summ           46%        N/A       17%         7
 Eringya's Noxious Bog    Tmut/Pois      32%        N/A       34%         6
 Haunt                    Necr/Summ      42%        N/A       36%         7
 Ozocubu's Refrigeration  Ice            36%        4d15      67%         7
 Dispersal                Tloc           19%        N/A       82%         6
 Infestation              Necr           38%        N/A       99%         8
 Disjunction              Tloc           19%        N/A       100%        8
 Ignition                 Fire           20%        3d7       100%        8


Dungeon Overview and Level Annotations

Branches:
Dungeon (15/15)            Temple (1/1) D:5            Lair (5/5) D:8
 Shoals (3/4) Lair:3       Spider (4/4) Lair:2        Slime (0/5) Lair:5
    Orc (2/2) D:12            Elf (3/3) Orc:2        Vaults (2/5) D:14
 Depths (0/4) D:15          IceCv (visited)         Volcano (visited)
  Crypt: Vaults:2-3

Altars:
Ashenzari
Cheibriados
Dithmenos
Elyvilon
Fedhas
Gozag
Hepliaklqana
Kikubaaqudgha
Makhleb
Nemelex Xobeh
Okawaru
Qazlal
Ru
Sif Muna
Uskayaw
Vehumet
Wu Jian
Xom
Yredelemnul
Zin
The Shining One
Jiyva

Shops:
D:15 [   Orc:1 *   Orc:2 **(*   Elf:2 !   Elf:3 (   Shoals:2 =*((*   Shoals:3 (

Portals:
Abyss: D:12

Annotations:
D:2 1 runed translucent door, Crazy Yiuf
D:12 2 transporters, Gauc's ghost, journeyman HOFi
Lair:4 2 transporters
Lair:5 exclusion: door
Spider:2 1 runed translucent door, mattm's ghost, adept SpHu
Spider:3 exclusions: killer bee, meliai and 2 sensed monsters (detected)
Spider:4 exclusions: spectral thing, zombie and 1 more exclusion
Elf:1 3 runed translucent doors
Elf:2 5 runed translucent doors
Vaults:2 exclusions: 2 doors, entropy weaver and redback, Mennas


Innate Abilities, Weirdness & Mutations

You are small and have problems with some larger weapons.
You are completely attuned to the shadows.


Message History

The cyan ugly thing tentacle-slaps you but does no damage.
You hit the purple very ugly thing. You burn the purple very ugly thing.
The purple very ugly thing is lightly wounded.
You are covered in liquid flames!
The purple very ugly thing barely misses you.
The cyan ugly thing tentacle-slaps you. The cyan ugly thing shocks you!
You hit the purple very ugly thing. You burn the purple very ugly thing.
The purple very ugly thing is lightly wounded.
You are covered in liquid flames!
You are no longer on fire.
You hit the purple very ugly thing.
The purple very ugly thing is lightly wounded.
The purple very ugly thing kicks you! The cyan ugly thing tentacle-slaps you.
The cyan ugly thing shocks you!
* * * LOW HITPOINT WARNING * * *
Aiming: Petrify (safe; 1% risk of failure)
Press: ? - help, Q - select action, (/) - cycle Shift-Dir - straight line, f - cyan ugly thing, p - purple very ugly thing
Aim: a cyan ugly thing (chance to affect: 73%)
You feel a surge of power!
The cyan ugly thing struggles to resist.
The purple very ugly thing stops moving altogether!
The cyan ugly thing tentacle-slaps you.
* * * LOW HITPOINT WARNING * * *
The cyan ugly thing shocks you!
* * * LOW HITPOINT WARNING * * *
The red very ugly thing is no longer petrified.
You block the cyan ugly thing's attack.
Aiming: Petrify (safe; 1% risk of failure)
Press: ? - help, Q - select action, (/) - cycle Shift-Dir - straight line, f/p - cyan ugly thing
Aim: a cyan ugly thing (chance to affect: 73%)
You feel a surge of power!
The cyan ugly thing struggles to resist.
The red very ugly thing attacks as you move away!
The red very ugly thing tail-slaps you!
* * * LOW HITPOINT WARNING * * *
The red very ugly thing basks in the mutagenic energy from its kin and changes!
The cyan ugly thing tentacle-slaps you.
* * * LOW HITPOINT WARNING * * *
The cyan ugly thing shocks you!
You die...

###############################**
................@.uu...........
.................u.............,,
...............................
############################...,
,,* * ** *** * *... , ,, ,,,+ ,
+, ,* , , ,** ,*,, *,, * * ,, * ,
*, * , , * * ,, ** * ,,,


You could see 2 very ugly things and a cyan ugly thing.

Vanquished Creatures
  Margery (Vaults:2)
  Rupert (D:14)
  A deep elf blademaster (Elf:3)
  A deep elf master archer (Elf:3)
  3 sphinxes
  Ilsuiw (Shoals:3)
  5 deep elf sorcerers
  5 vault wardens
  3 deep elf elementalists (Elf:3)
  2 emperor scorpions (Spider:4)
  7 ghost moths
  2 broodmothers
  7 ironbound preservers
  A very ugly thing (Vaults:2)
  Azrael (D:14)
  Nessos (D:14)
  6 deep elf demonologists (Elf:3)
  4 entropy weavers
  A dire elephant (Lair:5)
  4 spark wasps
  10 deep elf annihilators
  A deep elf death mage (Elf:3)
  The ghost of Luuwnalu the Nimble, a journeyman KoHu of Okawaru (Lair:3)
  2 great orbs of eyes (Vaults:1)
  3 deep elf high priests (Elf:3)
  An ice dragon (IceCv)
  4 merfolk impalers (Shoals:3)
  A spectral kraken (Shoals:2)
  2 yaktaur captains
  Harold (D:10)
  6 hydras
  A rakshasa (D:15)
  7 vault guards
  7 boulder beetles
  3 jorogumos
  A ghost crab (Shoals:2)
  6 ironbound frosthearts
  Erica (Lair:2)
  5 two-headed ogres
  8 centaur warriors
  5 alligator snapping turtles
  A merfolk avatar (Shoals:1)
  An ogre mage (D:15)
  2 merfolk aquamancers
  2 catoblepae
  8 dancing weapons
  2 tengu warriors (D:12)
  12 death yaks
  A hell hog (Volcano)
  Urug (D:14)
  An orc high priest (Elf:1)
  2 hell knights (Vaults:2)
  7 deep elf knights
  A fire crab (Volcano)
  3 goliath frogs (Shoals:1)
  5 pharaoh ants
  Lodul (D:14)
  2 skeletal warriors (D:12)
  6 steelbarb worms
  4 sea snakes
  14 orb spiders
  A glowing orange brain (shapeshifter) (Elf:2)
  20 deep trolls
  A glowing orange brain (Vaults:2)
  5 necromancers
  9 lindwurms (Vaults:1)
  A spectral wolf spider (Spider:4)
  Pikel (D:5)
  2 deep elf archers
  18 deep elf zephyrmancers
  4 ironbound convokers
  19 wolf spiders
  12 harpies
  3 orc knights
  A wizard (D:15)
  16 deep elf pyromancers
  A wolf spider zombie (D:15)
  6 fauns
  11 ugly things
  7 orc sorcerers
  13 manticores
  8 merfolk sirens
  9 cyclopes
  4 black mambas
  3 moths of wrath
  A centaur zombie (D:15)
  Joseph (D:8)
  17 elephants
  4 water nymphs
  2 ice statues (IceCv)
  A gargoyle (D:13)
  A centaur skeleton (D:15)
  3 cane toads
  A naga mage (D:15)
  8 vault sentinels
  4 torpor snails
  6 rime drakes
  A kobold demonologist (D:12)
  A freezing wraith (D:14)
  7 demonic crawlers
  8 yaktaurs
  2 efreet (D:14)
  6 komodo dragons
  A meliai (Spider:4)
  4 trolls
  21 tarantellas
  4 wind drakes
  12 dream sheep
  11 slime creatures
  15 polar bears
  19 merfolk
  2 raiju (Lair:5)
  8 snapping turtles
  15 jumping spiders
  A centaur simulacrum (D:15)
  17 culicivoras
  14 water elementals
  3 air elementals
  An elf simulacrum (Vaults:2)
  6 basilisks
  4 wyverns
  33 yaks
  5 fire bats (Volcano)
  4 wraiths
  15 humans (D:14)
  49 redbacks
  A steam dragon (Volcano)
  10 vampire mosquitoes
  Menkaure (D:5)
  5 fire elementals
  A glowing shapeshifter zombie (Vaults:2)
  11 wargs
  An acid dragon (D:10)
  19 hell hounds
  16 water moccasins
  15 orc warriors
  2 sky beasts (D:7)
  2 ice beasts
  11 black bears (Lair:5)
  11 ogres
  21 wolves
  25 centaurs
  4 lemures
  A phantom (D:5)
  3 kobold brigands
  Blork the orc (D:5)
  4 gnoll sergeants
  15 bullfrogs
  3 earth elementals
  8 scorpions
  4 jellies
  12 wights
  4 lindwurm simulacra (IceCv)
  8 killer bees
  An electric eel (D:15)
  11 howler monkeys
  20 orc priests
  4 hounds
  7 komodo dragon simulacra (IceCv)
  Jessica (D:2)
  2 iguanas (D:6)
  Natasha (thrice) (D:2)
  45 orc wizards
  A yak simulacrum (Lair:5)
  A polar bear simulacrum (Lair:5)
  Robin (D:3)
  19 gnolls
  7 acid dragon simulacra (IceCv)
  6 adders
  3 shadow imps
  2 ufetubi
  3 steam dragon simulacra (IceCv)
  3 worms
  5 dart slugs
  90 orcs
  6 endoplasms
  A giant cockroach (D:4)
  10 goblins
  7 hobgoblins
  8 jackals
  A quokka (D:2)
  6 ball pythons
  10 bats
  4 frilled lizards
  14 kobolds
  4 rats
  A tentacle (Shoals:2)
1248 creatures vanquished.

Vanquished Creatures (collateral kills)
  A deep elf blademaster (Elf:3)
  3 deep elf sorcerers (Elf:3)
  Aizul (Shoals:1)
  A deep elf demonologist (Elf:3)
  2 deep elf annihilators (Elf:3)
  A deep elf death mage (Elf:3)
  A deep elf high priest (Elf:3)
  A spectral kraken (Shoals:2)
  An ironbound frostheart (Vaults:1)
  A satyr (Shoals:3)
  A merfolk aquamancer (Shoals:2)
  A dancing weapon (Elf:2)
  2 deep elf knights
  2 skeletal warriors (D:12)
  A sea snake (Shoals:3)
  5 deep trolls
  An ironbound convoker (Vaults:1)
  An orc knight (Vaults:1)
  3 deep elf zephyrmancers
  2 wolf spiders
  A faun (Shoals:2)
  5 merfolk
  2 water elementals (Shoals:3)
  A culicivora (Spider:4)
  2 fire elementals
  3 redbacks (Spider:3)
  A human zombie (Vaults:2)
  An orc (Orc:2)
48 creatures vanquished.

Vanquished Creatures (others)
  A hydra (Lair:3)
  A deep elf pyromancer (Elf:3)
  A deep elf zephyrmancer (Elf:1)
  A yaktaur (D:14)
  3 orc wizards (Orc:2)
  3 orcs (Orc:2)
  A bush (D:8)
  38 fungi
  84 plants
  3 tentacles (Shoals:2)
  A withered plant (Shoals:2)
137 creatures vanquished.

Grand Total: 1433 creatures vanquished

Notes
Turn   | Place    | Note
-------+----------+-------------------------------------------
     0 | D:1      | PublicAnimeNo1 the Kobold Earth Elementalist began the
                  | quest for the Orb.
     0 | D:1      | Reached XP level 1. HP: 10/10 MP: 3/3
    74 | D:1      | Found a faded altar of an unknown god.
   157 | D:1      | Reached XP level 2. HP: 11/15 MP: 1/5
   519 | D:1      | Reached XP level 3. HP: 19/19 MP: 3/6
   857 | D:1      | Learned a level 3 spell: Stone Arrow
  1278 | D:2      | Noticed Natasha
  1280 | D:2      | Killed Natasha
  1281 | D:2      | Reached skill level 1 in Fighting
  1281 | D:2      | Reached skill level 3 in Stealth
  1281 | D:2      | Reached XP level 4. HP: 25/25 MP: 4/7
  1362 | D:2      | Found an iron altar of Okawaru.
  1634 | D:2      | Noticed Jessica
  1637 | D:2      | Killed Jessica
  1638 | D:2      | Reached skill level 1 in Conjurations
  1638 | D:2      | Reached XP level 5. HP: 15/29 MP: 4/8
  1904 | D:2      | Noticed Natasha
  1907 | D:2      | Killed Natasha
  2025 | D:2      | Noticed Natasha
  2027 | D:2      | Killed Natasha
  2249 | D:2      | Found a runed translucent door.
  2252 | D:2      | Noticed Crazy Yiuf
  2842 | D:3      | Found a hide-covered altar of Uskayaw.
  3213 | D:3      | Noticed Robin
  3217 | D:3      | Killed Robin
  3218 | D:3      | Reached skill level 4 in Stealth
  3218 | D:3      | Reached XP level 6. HP: 35/35 MP: 9/9
  3581 | D:4      | Reached skill level 1 in Short Blades
  4152 | D:4      | Reached skill level 5 in Earth Magic
  4254 | D:4      | Learned a level 2 spell: Passwall
  4537 | D:5      | Entered Level 5 of the Dungeon
  4650 | D:5      | Noticed an ice beast
  4652 | D:5      | Killed an ice beast
  4653 | D:5      | Reached XP level 7. HP: 40/40 MP: 10/10
  4656 | D:5      | Reached skill level 5 in Stealth
  4824 | D:5      | Noticed Menkaure
  4829 | D:5      | Killed Menkaure
  5074 | D:5      | Found a staircase to the Ecumenical Temple.
  5089 | Temple   | Entered the Ecumenical Temple
  5118 | Temple   | Became a worshipper of Ashenzari the Shackled
  5176 | D:5      | Reached XP level 8. HP: 44/44 MP: 11/11
  5490 | D:5      | Found a sacrificial altar of Ru.
  5490 | D:5      | Found a white marble altar of Elyvilon.
  5490 | D:5      | Found a shimmering blue altar of Sif Muna.
  5506 | D:5      | Noticed Blork the orc
  5534 | D:5      | Killed Blork the orc
  5711 | D:5      | Learned a level 4 spell: Petrify
  5726 | D:5      | Reached skill level 6 in Stealth
  6346 | D:5      | Found an ancient bone altar of Kikubaaqudgha.
  6371 | D:5      | Noticed Pikel
  6381 | D:5      | Killed Pikel
  6382 | D:5      | Reached skill level 5 in Short Blades
  6382 | D:5      | Reached skill level 7 in Stealth
  6382 | D:5      | Reached XP level 9. HP: 48/48 MP: 10/12
  7245 | D:6      | Reached skill level 8 in Stealth
  8127 | D:7      | Reached * piety under Ashenzari
  8485 | D:7      | Reached XP level 10. HP: 56/56 MP: 13/13
  8546 | D:7      | Found a shimmering altar of Xom.
  8934 | D:8      | Reached ** piety under Ashenzari
  9419 | D:8      | Reached skill level 9 in Stealth
  9420 | D:8      | Identified 3 scrolls of acquirement
  9453 | D:8      | Reached skill level 1 in Evocations
  9503 | D:8      | Noticed Joseph
  9786 | D:8      | Acquired a +0 rapier of electrocution
  9789 | D:8      | Acquired a +6 quick blade
 10029 | D:8      | Acquired the ring "Feakod" {rPois rF- rN+ Str+4 Int+4}
 10389 | D:8      | Reached skill level 10 in Earth Magic
 10626 | D:8      | Found a staircase to the Lair.
 10640 | D:8      | Found a glowing golden altar of the Shining One.
 11224 | D:8      | Reached skill level 5 in Fighting
 11431 | D:9      | Reached skill level 10 in Stealth
 11431 | D:9      | Reached XP level 11. HP: 64/64 MP: 16/16
 11719 | D:8      | Killed Joseph
 12419 | D:9      | Found a burning altar of Makhleb.
 12615 | D:10     | Entered Level 10 of the Dungeon
 12769 | D:10     | Noticed a two-headed ogre
 12780 | D:10     | Killed a two-headed ogre
 13125 | D:10     | Noticed Harold
 13142 | D:10     | Killed Harold
 14138 | D:11     | Noticed a boulder beetle
 14147 | D:11     | Killed a boulder beetle
 14148 | D:11     | Reached skill level 11 in Stealth
 14148 | D:11     | Reached skill level 1 in Shields
 14872 | Lair:1   | Entered Level 1 of the Lair of Beasts
 14973 | Lair:1   | Noticed a seven-headed hydra
 14979 | Lair:1   | Killed a seven-headed hydra
 14980 | Lair:1   | Reached XP level 12. HP: 64/70 MP: 19/19
 15041 | Lair:1   | Reached skill level 1 in Hexes
 15259 | Lair:1   | Reached skill level 5 in Spellcasting
 15611 | Lair:1   | Reached skill level 5 in Transmutations
 15748 | Lair:2   | Found a hole to the Spider Nest.
 15806 | Lair:2   | Noticed a death yak
 15807 | Lair:2   | Noticed a death yak
 15813 | Lair:2   | Noticed a death yak
 15819 | Lair:2   | Killed a death yak
 15831 | Lair:2   | Killed a death yak
 15839 | Lair:2   | Killed a death yak
 15980 | Lair:2   | Reached skill level 12 in Stealth
 16192 | Lair:2   | Noticed Erica
 16585 | Lair:2   | Killed Erica
 17320 | Lair:2   | Learned a level 3 spell: Dazzling Flash
 17477 | Lair:3   | Found a staircase to the Shoals.
 17477 | Lair:3   | Identified the -1 tower shield of the Tundras {rElec}
 17550 | Lair:3   | Found a dark tunnel.
 17558 | Volcano  | Entered a volcano
 17582 | Volcano  | Noticed a fire crab
 17584 | Volcano  | Killed a fire crab
 17585 | Volcano  | Reached XP level 13. HP: 75/75 MP: 21/21
 18340 | Lair:3   | Found a transporter.
 18709 | Lair:3   | Found a transporter.
 18717 | Lair:3   | Noticed Luuwnalu's ghost (journeyman KoHu)
 18717 | Lair:3   | Found the +3 pair of seven-league boots {Rampage+∞}
 18736 | Lair:3   | Noticed a four-headed hydra
 18791 | Lair:3   | Noticed a boulder beetle
 18801 | Lair:3   | Killed a four-headed hydra
 18804 | Lair:3   | Reached skill level 13 in Stealth
 18853 | Lair:3   | Killed Luuwnalu's ghost
 18873 | Lair:3   | Killed a boulder beetle
 19646 | Lair:4   | Found a transporter.
 19700 | Lair:4   | Found a frozen archway.
 19708 | IceCv    | Entered an ice cave
 20389 | IceCv    | Noticed an ice dragon
 20995 | IceCv    | Reached skill level 5 in Hexes
 21014 | IceCv    | Killed an ice dragon
 21387 | Lair:4   | Reached XP level 14. HP: 83/83 MP: 24/24
 21420 | Lair:4   | Reached skill level 5 in Evocations
 21619 | Lair:4   | Found a transporter.
 21619 | Lair:4   | Identified the amulet of Baczonkinn {Spirit rElec Str+2
                  | Dex+4 SInv}
 21703 | Lair:4   | Reached *** piety under Ashenzari
 21733 | Lair:4   | Reached skill level 1 in Summonings
 21811 | Lair:4   | Reached skill level 5 in Shields
 22310 | Lair:5   | Entered Level 5 of the Lair of Beasts
 22680 | Lair:5   | Reached **** piety under Ashenzari
 23112 | Lair:4   | Reached skill level 5 in Conjurations
 23451 | Lair:5   | Reached skill level 14 in Stealth
 23452 | Lair:5   | HP: 2/88 [death yak (22)]
 24282 | Lair:5   | Found a viscous altar of Jiyva.
 24283 | Lair:5   | Found a staircase to the Slime Pits.
 25323 | Lair:5   | Noticed a dire elephant
 25340 | Lair:5   | Killed a dire elephant
 25822 | Lair:5   | Reached XP level 15. HP: 96/96 MP: 29/29
 26287 | D:12     | Found a staircase to the Orcish Mines.
 26861 | D:12     | Learned a level 4 spell: Summon Ice Beast
 27377 | D:12     | Reached ***** piety under Ashenzari
 27420 | D:12     | Noticed a tentacled starspawn
 27420 | D:12     | Found a one-way gate to the infinite horrors of the Abyss.
 27420 | D:12     | Noticed Gauc's ghost (journeyman HOFi)
 27420 | D:12     | Identified the amulet "Xunia" {Acrobat Dex+6}
 27421 | D:12     | Found a transporter.
 27451 | D:12     | Found a transporter.
 27635 | Orc:1    | Entered Level 1 of the Orcish Mines
 27778 | Orc:1    | Reached skill level 1 in Ice Magic
 28066 | Orc:1    | Found Vaippaur's Assorted Antiques.
 28072 | Orc:1    | Bought a scroll of vulnerability for 124 gold pieces
 28108 | Orc:2    | Entered Level 2 of the Orcish Mines
 28108 | Orc:2    | Found a staircase to the Elven Halls.
 28208 | Orc:2    | Found a shimmering altar of Xom.
 28488 | Orc:2    | Found Ygudag's Assorted Antiques.
 28511 | Orc:2    | Reached skill level 15 in Earth Magic
 28615 | Orc:2    | Found Cenium's Weapon Emporium.
 28842 | Orc:2    | Found Vefij's Assorted Antiques.
 28915 | Orc:2    | Found Gedgh's General Store.
 30580 | D:14     | Noticed Lodul
 30585 | D:14     | Killed Lodul
 30632 | D:14     | Noticed Urug
 30632 | D:14     | Noticed Rupert
 30632 | D:14     | Noticed Nessos
 30632 | D:14     | Found a gate to the Vaults.
 31191 | D:14     | Reached skill level 15 in Stealth
 31191 | D:14     | Reached skill level 10 in Evocations
 31237 | D:14     | Reached skill level 5 in Summonings
 31332 | D:14     | Killed Rupert
 32017 | D:14     | Reached XP level 16. HP: 108/108 MP: 32/32
 32340 | D:14     | Noticed Azrael
 32349 | D:14     | Killed Azrael
 32785 | D:14     | Killed Urug
 32897 | D:14     | Killed Nessos
 32968 | D:15     | Entered Level 15 of the Dungeon
 33259 | D:15     | HP: 4/108 [centaur warrior (6)]
 33772 | D:15     | Reached skill level 10 in Fighting
 34173 | D:15     | Found Ukkaum's Antique Armour Emporium.
 34177 | D:15     | Bought a pair of glowing boots for 150 gold pieces
 34696 | D:15     | Found a staircase to the Depths.
 35449 | Orc:1    | Paralysed by an orc sorcerer for 4 turns
 35777 | Spider:1 | Entered Level 1 of the Spider Nest
 35942 | Spider:1 | Reached skill level 16 in Stealth
 36520 | Spider:1 | Reached ****** piety under Ashenzari
 36678 | Spider:1 | Reached skill level 1 in Necromancy
 36701 | Spider:1 | Reached XP level 17. HP: 73/115 MP: 1/33
 36981 | Spider:1 | Learned a level 4 spell: Animate Dead
 37326 | Spider:2 | Identified the +9 rapier "Ziogg" {antimagic, rC+ Int-5
                  | Dex+4 Stlth+}
 37622 | Spider:2 | Reached skill level 5 in Dodging
 38596 | Spider:2 | Found a runed translucent door.
 38596 | Spider:2 | Found a shimmering altar of Xom.
 38596 | Spider:2 | Noticed mattm's ghost (adept SpHu)
 39817 | Spider:3 | Reached skill level 17 in Stealth
 41127 | Spider:4 | Entered Level 4 of the Spider Nest
 41379 | Spider:4 | Reached XP level 18. HP: 83/121 MP: 30/34
 41905 | Spider:4 | Identified the +4 battleaxe of Yeast {spect, rElec Int+7}
 42007 | Spider:4 | Reached skill level 5 in Necromancy
 42989 | Spider:4 | Reached skill level 15 in Evocations
 43542 | Spider:4 | Identified the +10 mace of Cobwebs {vorpal, rN+ Stlth+}
 43551 | Spider:4 | Got a gossamer rune of Zot
 43762 | Shoals:1 | Entered Level 1 of the Shoals
 44793 | Elf:1    | Entered Level 1 of the Elven Halls
 44802 | Orc:2    | Learned a level 5 spell: Silence
 45007 | Elf:1    | Learned a level 3 spell: Tukima's Dance
 45010 | Elf:1    | Learned a level 2 spell: Poisonous Vapours
 45058 | Elf:1    | Identified the Discourse on Battle Magic
 45071 | Elf:1    | Reached skill level 1 in Air Magic
 45084 | Elf:1    | Reached skill level 18 in Stealth
 45486 | Elf:1    | Learned a level 4 spell: Airstrike
 45849 | Elf:1    | Found a runed translucent gate.
 45850 | Elf:1    | Found a runed translucent gate.
 46021 | Elf:1    | Found a runed translucent gate.
 46468 | Elf:2    | Learned a level 5 spell: Summon Mana Viper
 47181 | Elf:2    | Identified the +0 robe of Indomitability {rN+}
 47497 | Elf:2    | Identified the +1 leather armour "Ofyhitz" {Regen+}
 47576 | Elf:2    | Found Taneicku's Distillery.
 47707 | Elf:2    | Found a huge runed translucent gate.
 47707 | Elf:2    | Found a huge runed translucent gate.
 47707 | Elf:2    | Found a huge runed translucent gate.
 47707 | Elf:2    | Found a huge runed translucent gate.
 47707 | Elf:2    | Found a huge runed translucent gate.
 47758 | Elf:3    | Entered Level 3 of the Elven Halls
 47878 | Elf:3    | Found Rathretiu's Antique Weapon Boutique.
 48235 | Elf:3    | Reached XP level 19. HP: 124/124 MP: 33/33
 48471 | Elf:3    | Identified the +11 short sword "Ucoydemi" {flame, Int+4}
 49377 | Elf:3    | Noticed a deep elf blademaster
 49389 | Elf:3    | Killed a deep elf blademaster
 49726 | Elf:3    | Identified the +4 spear "Refeho" {holy, *Slow rElec rC+
                  | Stlth+}
 49878 | Elf:3    | Noticed a deep elf blademaster
 50049 | Elf:3    | Killed a deep elf blademaster
 50411 | Elf:3    | Identified the amulet of Tasauk {Acrobat rN+}
 50417 | Elf:3    | Identified the +6 flail of Latu {elec, rPois Will+}
 51051 | Elf:3    | Identified the +5 great sword of Extermination {freeze,
                  | Str+3 Int+2 Dex+2 Stlth-}
 51060 | Elf:3    | Identified the +9 long sword of Lies {vorpal, Will+}
 51094 | Elf:3    | Reached skill level 10 in Summonings
 51319 | Elf:3    | Identified the +0 barding of Indecent Exposure {rC+ MP+9
                  | Str-5 Dex+3}
 51980 | Shoals:1 | Reached skill level 10 in Hexes
 52635 | Shoals:1 | Noticed Aizul
 52658 | Shoals:1 | Killed Aizul
 53521 | Shoals:2 | Found Zecwiclu's Jewellery Emporium.
 53524 | Shoals:2 | Identified the ring "Esuustyo" {rN+ Str+4 Int+6 Dex-2
                  | Stlth+}
 53578 | Shoals:2 | Reached XP level 20. HP: 98/129 MP: 25/34
 53904 | Shoals:2 | Identified the +7 falchion "Killer Bee's Doom" {venom,
                  | *Noise rN+ Str+6 Dex+2}
 53928 | Shoals:2 | Found Ustre's Weapon Boutique.
 54124 | Shoals:2 | Found Wulurphu's General Store.
 54129 | Shoals:2 | Bought a wand of acid (3) for 189 gold pieces
 54133 | Shoals:2 | Found Useokhan's Weapon Boutique.
 54456 | Shoals:2 | Found Viyducea's Assorted Antiques.
 54461 | Shoals:2 | Bought a scroll of blinking for 232 gold pieces
 55311 | Shoals:3 | Found Mivei's Weapon Shop.
 55315 | Shoals:3 | Noticed Ilsuiw
 55333 | Shoals:3 | Killed Ilsuiw
 55416 | Shoals:3 | Identified the +4 dagger "Demonbane" {freeze, rC++ Will-
                  | rCorr SInv}
 56064 | Shoals:3 | Identified the +1 ring mail "Uxtah" {rC- rN+ Will- Int+9}
 57173 | Vaults:1 | Entered Level 1 of the Vaults
 58290 | Vaults:1 | Reached skill level 5 in Air Magic
 58452 | Vaults:1 | Reached skill level 19 in Stealth
 59875 | Vaults:1 | Reached XP level 21. HP: 114/137 MP: 24/37
 60104 | Vaults:2 | Noticed Mennas
 61324 | Vaults:2 | Noticed Margery
 61931 | Vaults:2 | Killed Margery
 62696 | Vaults:2 | HP: 4/141 [red very ugly thing (16)]
 62696 | Vaults:2 | Mangled by a cyan ugly thing

Illustrated notes

Levels and vault maps discovered:
D:1:      amcnicky_arrival_feature_with_door, layout_basic,
          basic_ecumenical_altar, st_stairs_7
D:2:      minmay_inner_zag, layout_loops_ring, basic_altar, uniq_natasha,
          uniq_crazy_yiuf_cottage, uniq_jessica
D:3:      layout_basic, nicolae_uskayaw_murder_on_the_dancefloor, uniq_robin
D:4:      layout_gridville
D:5:      old_forge, layout_gridville, nicolae_kikubaaqudgha_miasma_corner,
          gammafunk_temple_overflow_forgotten, minmay_temple_entry_overgrown,
          grunt_ministairs_9, uniq_pikel, uniq_menkaure, uniq_blork_the_orc
D:6:      layout_basic
D:7:      layout_cave_pools, mainiacjoe_overflow_alcove_4, serial_park_tiny_pond
D:8:      layout_basic, mainiacjoe_overflow_boulevard, minmay_lair_entry_grove,
          kennysheep_generic_room_8, uniq_joseph
D:9:      layout_loops_ring, lightli_temple_of_fire
D:10:     layout_rooms, kennysheep_dice, uniq_harold
D:11:     layout_loops_ring
D:12:     layout_basic, orc_0_dummy, gammafunk_ghost_abyssal_escape
D:13:     layout_roguey, serial_bayou_crossing
D:14:     layout_grid_maze, david_vaults_3, uniq_lodul, uniq_azrael
D:15:     grunt_enter_depths_magical_seal, layout_basic, serial_shops, shop
Temple:   zaba_magenta_temple
Lair:1:   layout_misc_corridors, grunt_forest_small_clearings,
          chequers_serial_rivers_micro_c, serial_bayou_shore_b,
          lemuel_fruit_tree
Lair:2:   layout_layer_cave, dummy_spider_entry, grunt_megastairs_5,
          serial_bayou_shore_b, uniq_erica
Lair:3:   layout_roguey, shoals_dummy_entry, nicolae_volcano_entry_hallway,
          gammafunk_ghost_berserking_beasts, st_stairs_8
Lair:4:   gammafunk_worm_tunnel, layout_small_grid,
          portal_ice_cave_entry_pillars_1, nicolae_quartered_pool_super,
          beast_lair_carwin_3
Lair:5:   hangedman_lair_caniforms_friends, layout_gridlike,
          dpeg_slime_entry_enclosed, eino_house_with_fridge
Shoals:1: layout_shoals, nicolae_shoals_cliffside_cave,
          nicolae_shoals_goliath_grotto, uniq_aizul
Shoals:2: layout_shoals, serial_shops, nicolae_shop_stone, nicolae_shop_trees,
          shop, nicolae_shop_hallway_plus, shop_fountains,
          nicolae_shoals_spectral_cove
Shoals:3: layout_shoals, serial_shops, nicolae_shop_advertising_works
          [nicolae_subvault_shop_adworks], yaktaur_hedge, uniq_ilsuiw,
          uniq_polyphemus
Spider:1: layout_spider_delve
Spider:2: layout_spider_delve, ebering_ghost_xom
Spider:3: layout_chambers, special_room [special_room_bee],
          hangedman_spider_tarantella_strand
Spider:4: grunt_spider_rune_island, nicolae_spider_undead_wolf_pack
Orc:1:    layout_diamond_mine, serial_shops, shop, nicolae_orc_lava_room
Orc:2:    st_orc_town, layout_diamond_mine, basic_altar, mines2_david
Elf:1:    elf_arrival_002, layout_geoelf_diagonals, minmay_elf_annihilation,
          nicolae_gammafunk_elf_defective_weapons_storage
Elf:2:    elven_hall_of_blades_hangedman_alternative
          [nicolae_blade_entry_floor_patterns], layout_loops_cross,
          serial_shops, shop
Elf:3:    minmay_elf_hall_x, layout_loops_corners, serial_shops, shop,
          roderic_lattice_octagonal_star
Vaults:1: v_rooms_5, vaults_room_semicircle, nicolae_vaults_hallways_thing,
          nicolae_vaults_rhombus_6, hangedman_vaults_nails, vaults_dpeg_ring,
          v_misc_14, v_alt_pattern_1, v_rooms_5, v_rooms_6,
          vaults_standard_mumra_lines, v_misc_25, layout_vaults_maze
Vaults:2: minmay_crypt_entry_simple_walls, v_rooms_6, v_alt_pattern_6,
          ontoclasm_vaults_spin, v_misc_26, vaults_room_fours, v_misc_5,
          layout_vaults_omnigrid, uniq_margery, uniq_mennas, uniq_asterion

Skill      XL: |  1  2  3  4  5  6  7  8  9 10 11 12 13 14 15 16 17 18 19 20 21 |
---------------+----------------------------------------------------------------+-----
Fighting       | 1 2 3 5 6 7 8 9 10 11 13 | 13.8
Stealth        | 3 4 5 7 8 10 11 12 13 14 15 16 17 18 19 | 19.7
Earth Magic    | 4 5 6 7 8 10 11 12 13 14 15 16 17 18 | 18.8
Transmutations | 2 3 4 5 |  5.5
Conjurations   | 1 2 3 4 5 7 |  7.7
Short Blades   | 2 3 5 6 7 8 9 |  9.9
Evocations     | 3 4 8 10 12 14 16 | 16.0
Spellcasting   | 4 5 7 8 9 |  9.4
Shields        | 1 3 4 5 |  5.9
Hexes          | 3 5 6 10 | 10.5
Summonings     | 3 5 6 7 10 | 10.0
Ice Magic      | 2 |  2.0
Dodging        | 3 6 7 |  7.8
Necromancy     | 1 4 6 |  6.3
Air Magic      | 3 5 6 |  6.7
Armour         | |  0.8

Action                   |  1- 3 |  4- 6 |  7- 9 | 10-12 | 13-15 | 16-18 | 19-21 || total
-------------------------+-------+-------+-------+-------+-------+-------+-------++-------
Melee: Dagger            |       |    40 |    69 |     6 |       |       |       ||   115
       Punch             |       |     1 |       |     1 |       |       |       ||     2
       Quick blade       |       |       |       |   355 |  1233 |  1099 |   353 ||  3040
       Short sword       |       |       |       |       |       |       |   766 ||   766
 Cast: Sandblast         |    36 |    88 |   115 |    38 |       |       |       ||   277
       Stone Arrow       |       |       |    29 |   104 |   188 |    74 |     8 ||   403
       Passwall          |       |       |     1 |     3 |    10 |    65 |     7 ||    86
       Petrify           |       |       |       |    21 |    84 |   131 |   159 ||   395
       Dazzling Flash    |       |       |       |       |    43 |    41 |     3 ||    87
       Summon Ice Beast  |       |       |       |       |     2 |     7 |       ||     9
       Poisonous Vapours |       |       |       |       |       |    13 |     6 ||    19
       Summon Mana Viper |       |       |       |       |       |     3 |    72 ||    75
       Airstrike         |       |       |       |       |       |       |    18 ||    18
       Silence           |       |       |       |       |       |       |     9 ||     9
Invok: Curse Item        |       |       |     2 |     4 |     5 |     3 |     1 ||    15
       Shatter the Chain |       |       |       |     2 |       |     3 |     1 ||     6
Evoke: Wand              |       |       |       |    20 |    15 |    17 |     8 ||    60
       Condenser vane    |       |       |       |       |       |     1 |     5 ||     6
  Use: Scroll            |     1 |    14 |     4 |     7 |     6 |     9 |     1 ||    42
       Potion            |       |       |     4 |     3 |     6 |     4 |    12 ||    29
 Stab: Sleeping          |       |     3 |     6 |    26 |    61 |   134 |    54 ||   284
       Petrified         |       |       |       |     8 |    20 |    38 |    54 ||   120
       Paralysed         |       |       |       |     3 |       |     1 |     1 ||     5
       Petrifying        |       |       |       |    14 |    80 |    93 |    69 ||   256
       Invisible         |       |       |       |     9 |    60 |    35 |     2 ||   106
       Distracted        |       |       |       |       |     6 |     6 |    19 ||    31
Armor: Robe              |       |     8 |    23 |     7 |       |       |       ||    38
       Skin              |       |       |    45 |       |       |       |       ||    45
       Leather armour    |       |       |       |    42 |   181 |   215 |   106 ||   544
Dodge: Dodged            |     2 |    65 |    81 |   132 |   321 |   381 |   362 ||  1344
Block: Buckler           |       |       |       |    46 |   422 |   451 |   392 ||  1311
       Reflection        |       |       |       |     2 |     4 |    18 |    22 ||    46
       Other             |       |       |       |     2 |       |       |       ||     2
